 Dungeon Crawl Stone Soup version 0.21.1-1-g345015f (webtiles) character file.

298 lotte the Magician (level 6, 0/32 HPs)
             Began as a Deep Elf Ice Elementalist on July 4, 2018.
             Slain by Rwicked's ghost (7 damage)
             ... on level 4 of the Dungeon.
             The game lasted 00:16:35 (4534 turns).

lotte the Magician (Deep Elf Ice Elementalist)      Turns: 4534, Time: 00:16:35

Health: 0/32       AC:  9    Str:  5    XL:     6   Next: 13%
Magic:  1/17       EV: 12    Int: 22    God:
Gold:   271        SH:  0    Dex: 15    Spells: 14/18 levels left

rFire    . . .     SeeInvis .   (no weapon)
rCold    . . .     Gourm    .   (no shield)
rNeg     . . .     Faith    .   v - +0 leather armour
rPois    .         Spirit   .   (no helmet)
rElec    .         Reflect  .   (no cloak)
rCorr    .         Harm     .   (no gloves)
MR       .....                  (no boots)
Stlth    ++........             o - amulet of magic regeneration
HPRegen  0.10/turn              (no ring)
MPRegen  0.40/turn              (no ring)

@: icy armour, slow
A: no striking features
a: no special abilities


You were on level 4 of the Dungeon.
You were not hungry.

You visited 1 branch of the dungeon, and saw 4 of its levels.

You collected 271 gold pieces.

Inventory:

Missiles
 e - a throwing net (quivered)
Armour
 a - a +0 robe
 v - a +0 leather armour (worn)
Jewellery
 o - an amulet of magic regeneration (around neck)
Scrolls
 f - 2 scrolls of enchant weapon {unknown}
 g - a scroll of magic mapping {unknown}
 i - 2 scrolls of fear {unknown}
 l - a scroll of identify {unknown}
 q - a scroll of amnesia {unknown}
 r - 2 scrolls of remove curse {unknown}
 s - a scroll of fog {unknown}
 u - a scroll of enchant armour {unknown}
Potions
 d - 7 potions of curing {unknown}
 h - a potion of degeneration {unknown}
 j - 2 potions of magic {unknown}
 k - a potion of agility {unknown}
 m - a potion of berserk rage {unknown}
 n - 2 potions of might {unknown}
 t - a potion of brilliance {unknown}
 w - a potion of mutation {unknown}
Books
 b - a book of Frost

   Spells                             Type                      Level
   a - Freeze                         Ice                          1
   b - Throw Frost                    Conjuration/Ice              2
   c - Ozocubu's Armour               Charms/Ice                   3
   d - Throw Icicle                   Conjuration/Ice              4
   e - Summon Ice Beast               Ice/Summoning                4
Comestibles
 c - 10 rations


   Skills:
 - Level 2.4 Dodging
 - Level 2.4 Stealth
 + Level 6.5 Spellcasting
   Level 1.1 Conjurations
 + Level 5.8 Ice Magic


You had 14 spell levels left.
You knew the following spells:

 Your Spells              Type           Power        Failure   Level  Hunger
a - Freeze                Ice            ####         1%          1    None
b - Ozocubu's Armour      Chrm/Ice       ###.....     13%         3    #......


Dungeon Overview and Level Annotations

Branches:
Dungeon (4/15)
 Temple: D:4-7

Altars:
Makhleb
Yredelemnul

Annotations:
D:4 Rwicked's ghost, amateur MiBe


Message History

Confirm with . or Enter, or press ? or * to list all spells.
Aiming: Freeze
Press: ? - help, Shift-Dir - straight line, f/p - bullfrog skeleton
Aim: a bullfrog skeleton (almost destroyed)
You freeze the bullfrog skeleton.
The bullfrog skeleton resists.
The bullfrog skeleton is almost destroyed.
The hound bites you but does no damage. The bullfrog skeleton hits you.
* * * LOW HITPOINT WARNING * * *
Rwicked's ghost hits you but does no damage.
Casting: Freeze
Confirm with . or Enter, or press ? or * to list all spells.
Aiming: Freeze
Press: ? - help, Shift-Dir - straight line, f/p - bullfrog skeleton
Aim: a bullfrog skeleton (almost destroyed)
You freeze the bullfrog skeleton.
The bullfrog skeleton resists.
You destroy the bullfrog skeleton!
The hound bites you but does no damage. The hound bites you.
* * * LOW HITPOINT WARNING * * *
Rwicked's ghost hits you!
You die...

####........# #..#
.........##.###.##
#####.#.###.....#
#.#.#####.### #....##
#.# #>....# #.#
##....# #.#
##.#.###.######
#........W@h.#########
###.###..............#
#.# ######.........#
#.##### ####.......
#.....# .......
#####.# ....... #.#
....... #.# .......
#.# #h....#


You could see a hound and Rwicked's ghost.

Vanquished Creatures
  A hound (D:4)
  A bullfrog skeleton (D:4)
  An iguana (D:4)
  A worker ant (D:4)
  7 adders
  4 gnolls (D:4)
  An ooze (D:2)
  4 worms
  3 dart slugs
  5 leopard geckos
  2 orcs
  2 ball pythons
  6 bats
  7 giant cockroaches
  3 goblins
  3 hobgoblins
  3 jackals (D:2)
  3 frilled lizards
  6 kobolds
  6 rats
69 creatures vanquished.

Notes
Turn   | Place    | Note
-------+----------+-------------------------------------------
     0 | D:1      | lotte the Deep Elf Ice Elementalist began the quest for the Orb.
     0 | D:1      | Reached XP level 1. HP: 10/10 MP: 6/6
   440 | D:1      | Reached XP level 2. HP: 15/15 MP: 4/8
  1085 | D:1      | Reached skill level 4 in Spellcasting
  1597 | D:2      | Reached XP level 3. HP: 19/19 MP: 7/10
  1709 | D:2      | Learned a level 3 spell: Ozocubu's Armour
  2095 | D:2      | Found a burning altar of Makhleb.
  2221 | D:2      | Reached XP level 4. HP: 24/24 MP: 5/12
  2964 | D:3      | Reached skill level 5 in Spellcasting
  3005 | D:3      | Found a basalt altar of Yredelemnul.
  3503 | D:3      | Reached skill level 5 in Ice Magic
  3745 | D:4      | Reached XP level 5. HP: 21/28 MP: 9/14
  3920 | D:4      | Reached skill level 6 in Spellcasting
  4347 | D:4      | Reached XP level 6. HP: 32/32 MP: 11/17
  4530 | D:4      | Noticed Rwicked's ghost (amateur MiBe)
  4534 | D:4      | Slain by Rwicked's ghost

Skill      XL: |  1  2  3  4  5 |
---------------+----------------+-----
Spellcasting   | 4 5 6 |  6.5
Ice Magic      | 4 5 |  5.8
Dodging        | |  2.4
Stealth        | |  2.4
Conjurations   | |  1.1

Action                   |  1- 3 |  4- 6 || total
-------------------------+-------+-------++-------
Melee: Unarmed           |       |     3 ||     3
 Cast: Freeze            |    57 |    93 ||   150
       Ozocubu's Armour  |     6 |    17 ||    23
  Eat: Chunk             |     4 |     8 ||    12
Armor: Robe              |     9 |     3 ||    12
       Leather armour    |       |    27 ||    27
Dodge: Dodged            |    28 |    47 ||    75
